 Dungeon Crawl Stone Soup version 0.21.0-3-g78d12a8 (console) character file.

46 ahub the Ducker (level 3, -2/19 HPs)
             Began as a Spriggan Monk on Jan 11, 2018.
             Splashed by a jelly's acid (8 damage)
             ... on level 4 of the Dungeon.
             The game lasted 00:03:42 (1966 turns).

ahub the Ducker (Spriggan Monk)                     Turns: 1966, Time: 00:03:43

Health: -2/19      AC: -1    Str:  7    XL:     3   Next: 46%
Magic:  4/4        EV: 21    Int: 11    God:
Gold:   106        SH:  0    Dex: 19    Spells: 2/2 levels left

rFire    . . .     SeeInvis +   l - +0 dagger
rCold    . . .     Gourm    .   (shield restricted)
rNeg     . . .     Faith    .   b - +0 robe
rPois    .         Spirit   .   (helmet restricted)
rElec    .         Reflect  .   j - +0 cloak
rCorr    .         Harm     .   (gloves unavailable)
MR       .....                  (boots unavailable)
Stlth    +++.......             (no amulet)
HPRegen  0.06/turn              (no ring)
MPRegen  0.09/turn              (no ring)

@: corroded, very quick
A: very small, unfitting armour, see invisible, herbivore, speed 3, slow
metabolism 2
a: no special abilities


You were on level 4 of the Dungeon.
You were not hungry.

You visited 1 branch of the dungeon, and saw 4 of its levels.

You collected 106 gold pieces.

Inventory:

Hand Weapons
 a - a +0 short sword
 l - a +0 dagger (weapon)
Armour
 b - a +0 robe (worn)
 j - a +0 cloak (worn)
Scrolls
 e - a scroll of amnesia {unknown}
 g - 3 scrolls of identify {unknown}
 k - 2 scrolls of teleportation {unknown}
Potions
 d - a potion of heal wounds
 f - a potion of haste {unknown}
 h - a potion of lignification {unknown}
 i - a potion of ambrosia {unknown}
Comestibles
 c - 6 rations


   Skills:
 + Level 2.8 Fighting
 + Level 3.7 Short Blades
 + Level 5.1 Dodging
 + Level 4.0 Stealth


You had 2 spell levels left.
You didn't know any spells.

Dungeon Overview and Level Annotations

Branches:
Dungeon (4/15)
 Temple: D:4-7

Altars:
Qazlal
Uskayaw
Wu Jian


Innate Abilities, Weirdness & Mutations

You are very small and have problems with some larger weapons.
You are too small for most types of armour.
You have supernaturally acute eyesight. (SInv)
You are a herbivore.
You cover ground extremely quickly.
You need consume almost no food.


Message History

The jelly quivers.
An orc comes into view. It is wielding a dagger.
The jelly jiggles.
The jelly barely misses you.
You hit the jelly.
Your hands burn!
The jelly is lightly wounded.
The orc shouts!
The jelly completely misses you.
You hit the jelly.
Your hands burn!
The jelly is moderately wounded.
You hit the jelly.
Your hands burn!
The jelly is moderately wounded.
The jelly closely misses you. The jackal skeleton barely misses you.
You hit the jelly. The acid corrodes you!
Your hands burn!
The jelly is heavily wounded.
The jelly completely misses you. The jackal skeleton barely misses you.
You hit the jelly but do no damage.
Your hands burn!
The jelly is heavily wounded.
The jelly hits you.
You are splashed with acid!
The acid burns!
You die... #.##.###.##....#........ # #.##...#.##.#..+.P)...#.. #.####......#..+.....o. . ###.#####..#..##.#P....... #.....# #.....##.# P.P

#.....# ##.:...#.##
#.....####...>.....
#.......##.........
#.....#..#.....o...
#.....#........##
#.....#....@J.##
#######...Z....#
#............
#.......##...
#..##....# .. ....
..#..# # .....
..#... ...o
........


You could see a jelly, an orc and a jackal skeleton.

Vanquished Creatures
  2 adders
  A dart slug (D:2)
  5 bats
  2 giant cockroaches (D:2)
  A jackal (D:1)
  2 quokkas
  4 frilled lizards
  6 kobolds
  4 rats
27 creatures vanquished.

Notes
Turn   | Place    | Note
-------+----------+-------------------------------------------
     0 | D:1      | ahub the Spriggan Monk began the quest for the Orb.
     0 | D:1      | Reached XP level 1. HP: 11/11 MP: 2/2
   269 | D:2      | Reached XP level 2. HP: 7/16 MP: 3/3
   594 | D:2      | Found an ornate altar of the Wu Jian Council.
   627 | D:2      | Found a stormy altar of Qazlal.
   859 | D:2      | Found a hide-covered altar of Uskayaw.
   946 | D:2      | Reached XP level 3. HP: 19/19 MP: 4/4
  1084 | D:2      | Reached skill level 5 in Dodging
  1787 | D:3      | Noticed a phantom
  1966 | D:4      | Splashed by a jelly's acid

Skill      XL: |  1  2  3 |
---------------+----------+-----
Dodging        | 5 |  5.1
Stealth        | 4 |  4.0
Fighting       | |  2.8
Short Blades   | |  3.7

Action                   || total
-------------------------++-------
Melee: Short sword       ||    89
       Dagger            ||    28
  Use: Potion            ||     1
 Stab: Sleeping          ||     7
Armor: Robe              ||    12
Dodge: Dodged            ||   109
